 Seeded DCSS version 0.28-a0-1613-gdaab1c2f9b (webtiles) character file.

Game seed: 12700726141709342370 (custom seed)

933 flotson the Ducker (level 7, -3/55 HPs)
             Began as a Demonspawn Gladiator on Jan 21, 2022.
             Slain by a shadow (23 damage)
             ... on level 6 of the Dungeon.
             The game lasted 00:04:57 (5644 turns).

flotson the Ducker (Demonspawn Gladiator)           Turns: 5644, Time: 00:04:57

Health: -3/55      AC: 20    Str: 16    XL:     7   Next: 86%
Magic:  0/7        EV: 12    Int:  9    God:
Gold:   184        SH:  0    Dex: 15    Spells: 6/6 levels left

rFire   . . .      SeeInvis .   a - +0 long sword
rCold   . . .      Faith    .   (no shield)
rNeg    . . .      Spirit   +   e - +0 ring mail
rPois   .          Reflect  .   c - +0 helmet
rElec   .          Harm     .   E - +0 cloak
rCorr   .          Rampage  .   k - +0 pair of gloves
Will    .....                   y - +0 pair of boots
Stlth   +.........              g - amulet of guardian spirit
HPRegen 0.18/turn               u - +4 ring of protection
MPRegen 0.20/turn               (no ring)

@: sanguine armoured
A: hooves 1, powered by death 1, magic regeneration, sanguine armour 1
a: no special abilities


You were on level 6 of the Dungeon.
You visited 1 branch of the dungeon, and saw 6 of its levels.

You collected 184 gold pieces.

Inventory:

Hand Weapons
 a - a +0 long sword (weapon)
 b - a +2 dagger of venom
Missiles
 d - 3 throwing nets
 s - 6 poisoned darts
 t - 3 boomerangs (quivered)
 C - 2 datura-tipped darts
Armour
 c - a +0 helmet (worn)
 e - a +0 ring mail (worn)
 k - a +0 pair of gloves (worn)
 y - a +0 pair of boots (worn)
 E - a +0 cloak (worn)
Jewellery
 g - an amulet of guardian spirit (around neck)
 u - a +4 ring of protection (left hand)
Scrolls
 f - a scroll of fog {unknown}
 h - a scroll of amnesia {unknown}
 j - a scroll of fear {unknown}
 m - 6 scrolls of identify {unknown}
 n - 2 scrolls of brand weapon {unknown}
 p - 2 scrolls of acquirement {unknown}
 r - a scroll of summoning {unknown}
 v - a scroll of silence {unknown}
 w - 2 scrolls of blinking {unknown}
 x - 2 scrolls of vulnerability {unknown}
 z - a scroll of noise {unknown}
 H - a scroll of teleportation {unknown}
Potions
 i - a potion of degeneration {unknown}
 l - 2 potions of brilliance {unknown}
 o - 3 potions of lignification {unknown}
 q - a potion of curing {unknown}
 A - a potion of might {unknown}
 B - 2 potions of heal wounds {unknown}
 D - a potion of mutation {unknown}
 F - a potion of haste {unknown}
 G - a potion of invisibility {unknown}


   Skills:
 + Level 4.4 Fighting
 + Level 4.5 Long Blades
 + Level 4.0 Throwing
 + Level 3.3 Armour
 + Level 4.5 Dodging


You had 6 spell levels left.
You didn't know any spells.
Your spell library contained the following spells:

 Spells                   Type           Power      Damage    Failure   Level
 Magic Dart               Conj           0%         1d3       58%         1
 Ensorcelled Hibernation  Hex/Ice        0%         N/A       75%         2
 Searing Ray              Conj           0%         2d4       75%         2
 Spider Form              Tmut/Pois      0%         N/A       92%         3
 Anguish                  Hex/Necr       0%         N/A       100%        4
 Fulminant Prism          Conj/Hex       0%         3d6       100%        4


Dungeon Overview and Level Annotations

Branches:
Dungeon (6/15)             Temple (0/1) D:5

Altars:
Hepliaklqana


Innate Abilities, Weirdness & Mutations

You have large cloven feet.
You regenerate a little health from kills.
You regenerate magic rapidly.
When seriously injured, your blood forms armour. (AC +6)


Message History

You hit the shadow but do no damage.
The shadow is lightly damaged.
The shadow barely misses you. The shadow hits you.
Your blood congeals into armour.
You hit the shadow.
The shadow is lightly damaged.
The shadow hits you.
You closely miss the shadow.
The shadow is lightly damaged.
The shadow hits you.
You barely miss the shadow.
The shadow is lightly damaged.
The shadow closely misses you.
You hit the shadow but do no damage.
The shadow is lightly damaged.
The shadow hits you.
You closely miss the shadow.
The shadow is lightly damaged.
The shadow closely misses you.
You hit the shadow but do no damage.
The shadow is lightly damaged.
The shadow hits you. The shadow hits you!
You hit the shadow but do no damage.
The shadow is lightly damaged.
The shadow barely misses you.
You slash the shadow!
The shadow is heavily damaged.
The shadow hits you.
You hit the shadow but do no damage.
The shadow is heavily damaged.
The shadow slips into darkness.
The shadow flickers and vanishes!
Deactivating autopickup; reactivate with Ctrl-A.
The shadow strikes at you from the darkness!
Reactivating autopickup.
The shadow slips into darkness.
The shadow flickers and vanishes!
Deactivating autopickup; reactivate with Ctrl-A.
The shadow strikes at you from the darkness!
You die...

#########.........#####......
#.......##..................|
#.......###..................
##.........#.###..............
..)............#..............
##.........#.#.#..........8...
#.........#.#.#..............
#######...#.# #...........###
#...#.# #@..........# #...#.#
#...........# #####..
#Z#)######### ## #.#.# #.#{#
#.#.# #...# #####


You could see a centaur skeleton.

Vanquished Creatures
  Grinder (D:4)
  An ice beast (D:6)
  A phantom (D:4)
  A scorpion (D:5)
  A water moccasin zombie (D:5)
  Crazy Yiuf (D:4)
  2 bullfrog skeletons
  A centaur skeleton (D:5)
  4 hounds
  A jelly (D:5)
  Natasha (thrice) (D:4)
  An iguana (D:5)
  A hound skeleton (D:4)
  3 adders
  A shadow imp (D:5)
  An adder skeleton (D:5)
  4 orcs
  6 ball pythons
  3 bats
  8 endoplasms
  6 giant cockroaches
  A goblin (D:4)
  3 hobgoblins (D:2)
  A jackal (D:1)
  5 kobolds
  4 quokkas (D:4)
  3 frilled lizards
  3 rats
  A spectral kobold (D:5)
72 creatures vanquished.

Notes
Turn   | Place    | Note
-------+----------+-------------------------------------------
     0 | D:1      | flotson the Demonspawn Gladiator began the quest for the
                  | Orb.
     0 | D:1      | Reached XP level 1. HP: 16/16 MP: 1/1
   592 | D:1      | Gained mutation: You regenerate magic rapidly. [demonic
                  | ancestry]
   592 | D:1      | Reached XP level 2. HP: 22/22 MP: 2/2
  1146 | D:2      | Gained mutation: You have large cloven feet. [demonic
                  | ancestry]
  1146 | D:2      | Reached XP level 3. HP: 5/28 MP: 3/3
  2095 | D:3      | Reached skill level 1 in Armour
  2385 | D:3      | Found a faded altar of an unknown god.
  3047 | D:4      | Noticed a phantom
  3078 | D:4      | Killed a phantom
  3079 | D:4      | Gained mutation: You regenerate a little health from kills.
                  | [demonic ancestry]
  3079 | D:4      | Reached XP level 4. HP: 15/34 MP: 2/4
  3301 | D:4      | Reached XP level 5. HP: 40/40 MP: 5/5
  3312 | D:4      | Noticed Grinder
  3345 | D:4      | Killed Grinder
  3346 | D:4      | Reached XP level 6. HP: 10/47 MP: 4/6
  3843 | D:4      | Noticed Natasha
  3851 | D:4      | Killed Natasha
  3880 | D:4      | Noticed Natasha
  3890 | D:4      | Killed Natasha
  3903 | D:4      | Noticed Natasha
  3915 | D:4      | Killed Natasha
  3968 | D:4      | Found a runed translucent door.
  3969 | D:4      | Noticed Crazy Yiuf
  4242 | D:4      | Killed Crazy Yiuf
  4409 | D:5      | Entered Level 5 of the Dungeon
  4410 | D:5      | Found a staircase to the Ecumenical Temple.
  4513 | D:5      | Gained mutation: When seriously injured, your blood forms
                  | armour. (AC +6) [demonic ancestry]
  4513 | D:5      | Reached XP level 7. HP: 46/53 MP: 5/7
  5240 | D:5      | Found a hazy altar of Hepliaklqana.
  5596 | D:6      | Noticed a shadow
  5644 | D:6      | Slain by a shadow

Illustrated notes

Levels and vault maps discovered:
D:1:      dpeg_arrival_arbitrary_c, layout_basic, minmay_misc_feat_room,
          minmay_indecisive_spiral
D:2:      layout_loops_cross
D:3:      layout_loops_ring, basic_ecumenical_altar
D:4:      layout_basic, uniq_natasha, uniq_grinder, uniq_crazy_yiuf_cottage
D:5:      layout_loops_ring, nicolae_hepliaklqana_monster_ancestors,
          minmay_temple_entry_gardened_gates
D:6:      minmay_opposing_rooms, layout_basic, moated_statue, st_stairs_1

Skill      XL: |  1  2  3  4  5  6  7 |
---------------+----------------------+-----
Throwing       | 2 3 4 |  4.0
Dodging        | 3 4 |  4.5
Long Blades    | 3 4 |  4.5
Armour         | 1 2 3 |  3.3
Fighting       | 3 4 |  4.4

Action                   |  1- 3 |  4- 6 |  7- 9 || total
-------------------------+-------+-------+-------++-------
Melee: Long sword        |   121 |       |    11 ||   132
       Punch             |     2 |     1 |     3 ||     6
       Dagger            |    38 |   112 |   131 ||   281
       Kick              |    14 |       |       ||    14
Armor: Ring mail         |   100 |    39 |    70 ||   209
Dodge: Dodged            |   123 |    75 |    77 ||   275

Table legend: (Time is in decaauts)
 A = Elapsed time spent in this place.
 B = Non-inter-level travel time spent in this place.
 C = Inter-level travel time spent in this place.
 D = Time resting spent in this place.
 E = Time spent auto-exploring this place.
 F = Levels seen in this place.
 G = Mean time per level.
                   A        B        C        D        E       F      G
               +--------+--------+--------+--------+--------+-----+--------+
         Total |   5651 |   5508 |    143 |    471 |   4215 |   6 |  941.8 |
       Dungeon |   5651 |   5508 |    143 |    471 |   4215 |   6 |  941.8 |
               +--------+--------+--------+--------+--------+-----+--------+

Top non-repeatable levels by time:
     D:4: 1506 daAuts
     D:2: 1103 daAuts
     D:1: 993 daAuts
     D:5: 911 daAuts
     D:3: 831 daAuts
     D:6: 305 daAuts
